 Dungeon Crawl Stone Soup version 0.29.1-15-g9cfb28693d (webtiles) character file.

Game seed: 15610361130136673177

558 nightchill the Chopper (level 7, -10/57 HPs)
             Began as a Formicid Fighter on Apr 9, 2023.
             Was a Follower of Elyvilon.
             Mangled by an ogre
             ... wielding a +0 giant club
              (15 damage)
             ... on level 4 of the Dungeon.
             The game lasted 00:06:05 (2603 turns).

nightchill the Chopper (Formicid Fighter)           Turns: 2603, Time: 00:06:06

Health: -10/57     AC: 10    Str: 28    XL:     7   Next: 56%
Magic:  7/7        EV:  9    Int:  8    God:    Elyvilon [*.....]
Gold:   190        SH:  5    Dex: 13    Spells: 6/6 levels left

rFire   . . .      SeeInvis +   a - +0 war axe
rCold   . . .      Faith    .   c - +0 buckler
rNeg    . . .      Spirit   .   b - +0 scale mail
rPois   .          Reflect  .   (helmet unavailable)
rElec   .          Harm     .   u - +2 cloak
rCorr   .          Rampage  .   (no gloves)
Will    .....                   (no boots)
Stlth   ..........              n - amulet of regeneration
HPRegen 0.99/turn               s - +6 ring of strength
MPRegen 0.10/turn               (no ring)

@: no status effects
A: permanent stasis, dig shafts and tunnels, antennae 3, four strong arms
a: Dig, Shaft Self, Renounce Religion, Purification


You were on level 4 of the Dungeon.
You worshipped Elyvilon.
Elyvilon was aware of your devotion.
You visited 1 branch of the dungeon, and saw 4 of its levels.

You collected 190 gold pieces.

Inventory:

Hand Weapons
 a - a +0 war axe (weapon)
Missiles
 o - a throwing net
Armour
 b - a +0 scale mail (worn)
 c - a +0 buckler (worn)
 u - a +2 cloak (worn)
Jewellery
 n - an amulet of regeneration (around neck)
 s - a +6 ring of strength (left hand)
Wands
 w - a wand of polymorph (6)
Scrolls
 e - a scroll of enchant weapon {unknown}
 g - a scroll of vulnerability {unknown}
 i - a scroll of teleportation {unknown}
 l - a scroll of silence {unknown}
 m - a scroll of poison {unknown}
 p - a scroll of blinking {unknown}
 q - a scroll of amnesia {unknown}
 r - a scroll of fear {unknown}
 v - 2 scrolls of identify {unknown}
Potions
 d - 2 potions of might
 f - 2 potions of mutation {unknown}
 h - a potion of lignification {unknown}
 j - a potion of invisibility {unknown}
 k - 4 potions of curing
 t - 2 potions of heal wounds {unknown}


   Skills:
 + Level 5.8 Fighting
 * Level 6.4 Axes
 - Level 3.2 Armour
 - Level 4.0 Shields


You had 6 spell levels left.
You didn't know any spells.
Your spell library contained the following spells:

 Spells                   Type           Power      Damage    Failure   Level
 Leda's Liquefaction      Hex/Erth       0%         N/A       100%        4
 Lee's Rapid Deconstruct  Erth           0%         3d5*      100%        5
 Statue Form              Tmut/Erth      0%         N/A       100%        6


Dungeon Overview and Level Annotations

Branches:
Dungeon (4/15)
 Temple: D:4-7

Altars:
Elyvilon
Kikubaaqudgha

Shops:
D:1 =*!=(

Annotations:
D:4 1 transporter, Duvessa; diceflayer's ghost, amateur DsHu


Innate Abilities, Weirdness & Mutations

You cannot be hasted, slowed, berserked, paralysed or teleported.
You can dig through walls and to a lower floor.
You have a pair of large antennae on your head. (SInv)
Your four strong arms can wield two-handed weapons with a shield.


Message History

Things that are here:
a +0 dagger; a +0 robe; the elf corpse of Dowan Duvessa shouts!
Duvessa goes berserk!
Duvessa rages.
The ogre shouts!
Duvessa hits you but does no damage. Duvessa hits you with a +0 short sword.
You barely miss Duvessa. Duvessa hits you with a +0 short sword!
Duvessa hits you but does no damage.
You hit Duvessa but do no damage. Duvessa hits you with a +0 short sword.
The ogre hits you with a +0 giant club!
You slash Duvessa!
Duvessa is lightly wounded.
You hit the ogre but do no damage. You block Duvessa's attack.
Duvessa hits you but does no damage.
You hit Duvessa but do no damage.
Duvessa is lightly wounded.
You barely miss the ogre. Duvessa barely misses you.
The ogre closely misses you. Duvessa hits you with a +0 short sword!
* * * LOW HITPOINT WARNING * * *
Duvessa hits you with a +0 short sword.
* * * LOW HITPOINT WARNING * * *
You hit Duvessa but do no damage.
Duvessa is lightly wounded.
You hit the ogre. Duvessa closely misses you. The ogre barely misses you.
Duvessa barely misses you.
You closely miss Duvessa.
Duvessa is lightly wounded.
You closely miss the ogre. Duvessa hits you with a +0 short sword.
* * * LOW HITPOINT WARNING * * *
The ogre hits you with a +0 giant club!
* * * LOW HITPOINT WARNING * * *
You closely miss Duvessa.
Duvessa is lightly wounded.
You slash the ogre! Duvessa hits you with a +0 short sword.
* * * LOW HITPOINT WARNING * * *
Duvessa hits you with a +0 short sword! Elyvilon protects you from harm!
The ogre hits you with a +0 giant club!
You die...

......
.....
e....#
....# ...#
##..#
##...##
#..eO.##
###@...#
#....#
#..### .
#..# ..
#..# ...
#..# ...
##### #..#
...
#...###.##
...
##.......##


You could see Duvessa (berserk) and an ogre.

Vanquished Creatures
  Grinder (D:3)
  Sigmund (D:3)
  Dowan (D:4)
  Jessica (D:2)
  Robin (D:2)
  3 adders
  2 dart slugs
  4 orcs (D:3)
  7 ball pythons
  7 endoplasms
  2 giant cockroaches
  17 goblins
  6 hobgoblins
  6 jackals
  3 kobolds
  4 quokkas (D:1)
  7 bats
  8 frilled lizards
  7 rats
88 creatures vanquished.

Notes
Turn   | Place    | Note
-------+----------+-------------------------------------------
     0 | D:1      | nightchill the Formicid Fighter began the quest for the
                  | Orb.
     0 | D:1      | Reached XP level 1. HP: 18/18 MP: 1/1
    98 | D:1      | Reached XP level 2. HP: 24/24 MP: 2/2
   282 | D:1      | Found Zujearchu's Jewellery Emporium.
   391 | D:1      | Found Ytuogem's Distillery.
   418 | D:1      | Found Enyun's Antique Weapon Boutique.
   519 | D:1      | Found Rytootae's General Store.
   566 | D:1      | Reached XP level 3. HP: 27/29 MP: 3/3
   571 | D:1      | Reached skill level 3 in Axes
   660 | D:1      | Found Sierethru's Jewellery Shop.
   712 | D:1      | Found a faded altar of an unknown god.
   908 | D:2      | Found a white marble altar of Elyvilon.
   952 | D:2      | Became a worshipper of Elyvilon the Healer
  1213 | D:2      | Noticed Robin
  1217 | D:2      | Reached XP level 4. HP: 25/37 MP: 4/4
  1219 | D:2      | Killed Robin
  1420 | D:2      | Noticed Jessica
  1425 | D:2      | Killed Jessica
  1426 | D:2      | Reached skill level 4 in Axes
  1500 | D:2      | Reached XP level 5. HP: 42/42 MP: 5/5
  1775 | D:3      | Reached * piety under Elyvilon
  1784 | D:3      | Noticed Sigmund
  1796 | D:3      | Killed Sigmund
  1797 | D:3      | Reached skill level 5 in Fighting
  1797 | D:3      | Reached skill level 5 in Axes
  1797 | D:3      | Reached XP level 6. HP: 44/51 MP: 6/6
  1921 | D:3      | Noticed Grinder
  1937 | D:3      | Killed Grinder
  1938 | D:3      | Reached skill level 6 in Axes
  1938 | D:3      | Reached XP level 7. HP: 47/56 MP: 7/7
  2357 | D:4      | Found an ancient bone altar of Kikubaaqudgha.
  2371 | D:4      | Noticed diceflayer's ghost (amateur DsHu)
  2379 | D:4      | Found a transporter.
  2425 | D:4      | Noticed Dowan
  2439 | D:4      | Noticed Duvessa
  2580 | D:4      | Killed Dowan
  2603 | D:4      | Elyvilon protects you from harm!
  2603 | D:4      | Mangled by an ogre

Illustrated notes

Levels and vault maps discovered:
D:1:      dpeg_arrival_simpleton_c, layout_basic, ebering_ecumenical_altar_hall,
          serial_shops, nicolae_shop_hallway_plus, nicolae_diamond_shop,
          nicolae_shop_waterfront, nicolae_shop_stone, nicolae_shop_trees
D:2:      layout_loops_cross, basic_altar, minmay_misc_feat_x,
          kennysheep_small_spiral, uniq_robin, uniq_jessica
D:3:      layout_loops_ring, minmay_misc_feat_ornament, serial_park_tiny_pond,
          skrybe_limestone_x, uniq_sigmund, uniq_grinder
D:4:      layout_cave_pods, mainiacjoe_overflow_tiny_flanked,
          gammafunk_temple_overflow_wave, nicolae_kikubaaqudgha_miasma_corner,
          temple_statues, gammafunk_ghost_stat_death, uniq_duvessa

Skill      XL: |  1  2  3  4  5  6 |
---------------+-------------------+-----
Axes           | 3 4 5 6 |  6.4
Fighting       | 4 5 |  5.8
Armour         | |  3.2
Shields        | |  4.0

Action                   |  1- 3 |  4- 6 |  7- 9 || total
-------------------------+-------+-------+-------++-------
Melee: War axe           |    82 |    75 |    25 ||   182
  Use: Potion            |       |     1 |       ||     1
Armor: Scale mail        |    30 |    29 |    13 ||    72
Dodge: Dodged            |    33 |    34 |    13 ||    80
Block: Buckler           |    18 |    16 |     8 ||    42
